 Dungeon Crawl Stone Soup version 0.29.1-15-g9cfb28693d (webtiles) character file.

Game seed: 5469865771321919777

9 leafyfresh the Sneak (level 2, -3/21 HPs)
             Began as an Octopode Delver on Feb 24, 2023.
             Slain by an iguana (5 damage)
             ... on level 5 of the Dungeon.
             The game lasted 00:00:16 (35 turns).

leafyfresh the Sneak (Octopode Delver)                Turns: 35, Time: 00:00:17

Health: -3/21      AC:  1    Str: 11    XL:     2   Next: 12%
Magic:  2/2        EV: 13    Int: 12    God:
Gold:   6          SH:  0    Dex: 13    Spells: 1/1 levels left

rFire   . . .      SeeInvis .   a - +0 short sword
rCold   . . .      Faith    .   (no shield)
rNeg    . . .      Spirit   .   (helmet restricted)
rPois   .          Reflect  .   (no amulet)
rElec   .          Harm     .   (no ring)
rCorr   .          Rampage  .   (no ring)
Will    .....                   (no ring)
Stlth   ++++......              (no ring)
HPRegen 0.07/turn               (no ring)
MPRegen 0.08/turn               (no ring)
                                (no ring)
                                (no ring)

@: no status effects
A: almost no armour, amphibious, 8 rings, camouflage 1, gelatinous body 1,
(nimble swimmer 1), tentacles
a: no special abilities


You were on level 5 of the Dungeon.
You visited 1 branch of the dungeon, and saw 1 of its levels.

You collected 6 gold pieces.

Inventory:

Hand Weapons
 a - a +0 short sword (weapon)
Wands
 f - a wand of digging (3)
Scrolls
 b - a scroll of fog
 c - a scroll of magic mapping
 d - a scroll of fear
 g - a scroll of identify {unknown}
Potions
 e - a potion of haste


   Skills:
 - Level 3.1 Fighting
 - Level 2.2 Short Blades
 - Level 2.2 Dodging
 + Level 6.7 Stealth


You had one spell level left.
You didn't know any spells.
Your spell library was empty.

Dungeon Overview and Level Annotations

Branches:
Dungeon (5/15)
 Temple: D:4-7

Altars:


Innate Abilities, Weirdness & Mutations

You cannot wear most types of armour.
You are amphibious.
You can wear up to eight rings at the same time.
Your skin changes colour to match your surroundings (Stealth+).
Your rubbery body absorbs attacks. (AC +1, EV +1)
((You are camouflaged when in or above water. (Stealth+)))
You have tentacles for arms and can constrict up to eight enemies at once.


Message History

The iguana hisses angrily.
An iguana is nearby!
An iguana is nearby!
You barely miss the iguana. You grab the iguana. You constrict the iguana.
The iguana misses you.
You don't know any spells.
Sorry, you're not good enough to have a special ability.
Unknown command.
You release your grip on the iguana.
You hit the iguana but do no damage. You grab the iguana.
The iguana is lightly wounded.
You constrict the iguana, but do no damage.
The iguana bites you!
You hit the iguana but do no damage.
The iguana is lightly wounded.
You constrict the iguana, but do no damage.
The iguana bites you!
* * * LOW HITPOINT WARNING * * *
You hit the iguana but do no damage. Your squeeze misses the iguana.
The iguana is lightly wounded.
You constrict the iguana, but do no damage.
The iguana bites you.
* * * LOW HITPOINT WARNING * * *
Unknown command.
You hit the iguana but do no damage.
You squeeze the iguana, but do no damage.
The iguana is lightly wounded.
You constrict the iguana, but do no damage.
The iguana misses you.
You hit the iguana but do no damage.
The iguana is lightly wounded.
You constrict the iguana, but do no damage.
The iguana barely misses you.
You barely miss the iguana.
The iguana is lightly wounded.
You constrict the iguana. The iguana misses you.
You hit the iguana.
The iguana is moderately wounded.
You constrict the iguana. The iguana bites you.
You die...

#########
#........
#.......# #
........######.##
...........#.....
........@l.......
........##.######
............#
.###.##.....# #
#....†# #.....#
##. #.....# #..
.#..##.### . #.#
.... #.#


You could see an iguana.

Vanquished Creatures
  An adder (D:5)
1 creature vanquished.

Notes
Turn   | Place    | Note
-------+----------+-------------------------------------------
     0 | D:5      | leafyfresh the Octopode Delver began the quest for the Orb.
     0 | D:5      | Reached XP level 1. HP: 16/16 MP: 1/1
    21 | D:5      | Reached XP level 2. HP: 21/21 MP: 2/2
    31 | D:5      | HP: 1/21 [iguana (2)]
    35 | D:5      | Slain by an iguana

Illustrated notes

Levels and vault maps discovered:
D:5:      layout_loops_ring, nicolae_elyvilon_peaceful_grove,
          kennysheep_generic_room_13

Action                   || total
-------------------------++-------
Melee: Short sword       ||     9
       Constrict         ||     2
       Tentacles         ||     1
 Stab: Sleeping          ||     1
Dodge: Dodged            ||     4
